 Dungeon Crawl Stone Soup version 0.26.1-11-gd32895ea62 (webtiles) character file.

Game seed: 3737605810144946546

408 Zeld the Changer (level 6, 0/41 HPs)
             Began as an Octopode Transmuter on May 28, 2021.
             Was an Initiate of Gozag.
             Slain by Grinder (3 damage)
             ... while paralysed by Grinder
             ... on level 3 of the Dungeon.
             The game lasted 00:04:03 (3587 turns).

Zeld the Changer (Octopode Transmuter)              Turns: 3587, Time: 00:04:04

Health: 0/41       AC:  2    Str: 12    XL:     6   Next: 88%
Magic:  9/12       EV:  5    Int: 15    God:    Gozag
Gold:   70         SH:  0    Dex: 17    Spells: 3/13 levels left

rFire    . . .     SeeInvis .     - Unarmed
rCold    . . .     Faith    .   (shield currently unavailable)
rNeg     . . .     Spirit   .   (helmet currently unavailable)
rPois    x         Reflect  .   (no amulet)
rElec    .         Harm     .   (no ring)
rCorr    .         Rampage  .   (no ring)
Will     .....                  (no ring)
Stlth    ++........             (no ring)
HPRegen  0.13/turn              (no ring)
MPRegen  0.13/turn              (no ring)
                                (no ring)
                                (no ring)

@: paralysed, spider-form (expiring)
A: tiny, almost no armour, stealthy swim, (amphibious), 8 rings, (constrict 8)
a: End Transformation, Renounce Religion, Potion Petition, Call Merchant, Bribe
Branch


You were on level 3 of the Dungeon.
You worshipped Gozag.
Gozag was noncommittal.
You were a venomous arachnid creature.
You visited 1 branch of the dungeon, and saw 5 of its levels.

You collected 198 gold pieces.
You paid 128 gold pieces to Gozag.

Inventory:

Wands
 i - a wand of polymorph (8)
Scrolls
 b - a scroll of random uselessness {unknown}
 d - a scroll of blinking {unknown}
 f - a scroll of magic mapping {unknown}
 g - 2 scrolls of remove curse
 h - 3 scrolls of immolation {unknown}
 j - 3 scrolls of identify {unknown}
 k - a scroll of enchant weapon {unknown}
 l - 3 scrolls of fear {unknown}
 p - a scroll of teleportation {unknown}
Potions
 a - a potion of heal wounds {unknown}
 c - a potion of might {unknown}
 e - 2 potions of resistance {unknown}
 m - a potion of curing {unknown}
 n - a potion of brilliance {unknown}
 o - a potion of magic {unknown}


   Skills:
 + Level 2.7 Fighting
 + Level 3.3 Dodging
 - Level 3.0 Unarmed Combat
 * Level 4.0 Spellcasting
 * Level 4.4 Transmutations


You had 3 spell levels left.
You knew the following spells:

 Your Spells              Type           Power        Failure   Level
a - Beastly Appendage     Tmut           32%          11%         1
b - Wereblood             Tmut           16%          13%         2
c - Spider Form           Tmut/Pois      4%           43%         3
d - Ice Form              Ice/Tmut       9%           78%         4

Your spell library contained the following spells:

 Spells                   Type           Power        Failure   Level
 Blade Hands              Tmut           8%           82%         5


Dungeon Overview and Level Annotations

Branches:
Dungeon (5/15)
 Temple: D:4-7

Altars:
Dithmenos
Gozag
Nemelex Xobeh
Ru
Sif Muna

Annotations:
D:3 Grinder


Innate Abilities, Weirdness & Mutations

You cannot wear most types of armour.
You are very stealthy in the water. (Stealth+)
((You are amphibious.))
You can wear up to eight rings at the same time.
((You can use your tentacles to constrict eight enemies at once.))
((Your skin changes colour to match your surroundings (Stealth+).))
((Your rubbery body absorbs attacks. (AC +1, EV +1)))


Message History

Grinder says, "Just stop there for a second..."
Grinder misses you.
You bite Grinder!
Grinder is moderately wounded.
Your transformation is almost over.
Grinder says, "Don't move a muscle."
Grinder completely misses you.
You hit Grinder but do no damage.
Grinder is moderately wounded.
Grinder gestures at you.
You suddenly lose the ability to move!
Grinder barely misses you. Grinder hits you! Grinder hits you!
* * * LOW HITPOINT WARNING * * *
Grinder hits you.
* * * LOW HITPOINT WARNING * * *
You writhe in agony.
You die...
Your body crumbles into a pile of gold.

... #.# #..# #.# #.#
#..# #.# #.#
#..#####.# ##'##
#.....##.# ##...##
#.###.##.###..5..##
#.......$##...s...##
###.#...#..#.........#
...........'.........+
###.#...#.##.........#
#.##.##.###$......##
#.....g.# ##.....##
####.#### ##...## #.#
##+## #.#


You could see Grinder.

Vanquished Creatures
  An ogre (D:5)
  A scorpion (D:5)
  2 hounds (D:5)
  An orc wizard (D:4)
  Jessica (D:3)
  A killer bee zombie (D:5)
  A hound skeleton (D:5)
  A worker ant zombie (D:5)
  5 adders
  2 shadow imps (D:5)
  An ufetubus (D:5)
  An adder skeleton (D:5)
  An adder zombie (D:5)
  2 dart slugs
  A leopard gecko (D:3)
  9 orcs
  A goblin (D:3)
  A hobgoblin (D:1)
  2 jackals (D:5)
  2 kobolds
  3 quokkas (D:5)
  A ball python skeleton (D:5)
  A bat (D:3)
  3 frilled lizards
  A jackal zombie (D:5)
  A leopard gecko skeleton (D:4)
  A rat (D:1)
48 creatures vanquished.

Notes
Turn   | Place    | Note
-------+----------+-------------------------------------------
     0 | D:1      | Zeld the Octopode Transmuter began the quest for the Orb.
     0 | D:1      | Reached XP level 1. HP: 13/13 MP: 3/3
   211 | D:2      | Reached XP level 2. HP: 18/18 MP: 5/5
   221 | D:2      | Learned a level 2 spell: Wereblood
   265 | D:3      | Found a sacrificial altar of Ru.
   275 | D:3      | Noticed Jessica
   391 | D:3      | Noticed Grinder
   525 | D:3      | Reached XP level 3. HP: 6/23 MP: 4/6
   529 | D:3      | Learned a level 3 spell: Spider Form
   884 | D:3      | Found a faded altar of an unknown god.
  1008 | D:3      | Killed Jessica
  1074 | D:3      | Reached XP level 4. HP: 25/28 MP: 8/8
  1080 | D:4      | Found a sparkling altar of Nemelex Xobeh.
  1442 | D:4      | Found a shimmering blue altar of Sif Muna.
  1812 | D:5      | Entered Level 5 of the Dungeon
  1832 | D:5      | Found a shadowy altar of Dithmenos.
  1941 | D:5      | Reached XP level 5. HP: 11/34 MP: 9/9
  1950 | D:5      | Learned a level 4 spell: Ice Form
  2582 | D:5      | Reached XP level 6. HP: 22/40 MP: 11/11
  3500 | D:5      | Found an opulent altar of Gozag.
  3507 | D:5      | Became a worshipper of Gozag Ym Sagoz the Greedy
  3583 | D:3      | Paralysed by Grinder for 7 turns
  3587 | D:3      | Slain by Grinder

Illustrated notes

Levels and vault maps discovered:
D:1:      minmay_arrival_four_circles, layout_loops_ring, minmay_surrounded
D:2:      layout_loops_cross, lemuel_coloured_pillars_altar,
          chequers_serial_rivers_room_b, makhleb_altar_promises_db
D:3:      layout_loops_corners, old_standard_altar,
          chequers_ecumenical_altar_island, uniq_jessica, uniq_grinder
D:4:      layout_rooms, nemelex_xobeh_ov_fountains_minmay, lemuel_blue_sif_altar
D:5:      layout_basic, nicolae_gozag_cash_rules_everything_around_me,
          basic_altar, kennysheep_generic_room_16

Skill      XL: |  1  2  3  4  5  6 |
---------------+-------------------+-----
Transmutations | 3 4 |  4.4
Spellcasting   | 3 4 |  4.0
Fighting       | 2 |  2.7
Dodging        | 3 |  3.3
Unarmed Combat | |  3.0

Action                   |  1- 3 |  4- 6 || total
-------------------------+-------+-------++-------
Melee: Unarmed           |    32 |   115 ||   147
       Constrict         |    10 |    23 ||    33
       Kick              |     6 |    20 ||    26
       Tentacles         |     5 |    15 ||    20
       Punch             |     1 |       ||     1
 Cast: Beastly Appendage |    12 |    11 ||    23
       Spider Form       |       |     4 ||     4
Evoke: Wand              |       |     1 ||     1
  Use: Scroll            |       |     1 ||     1
 Stab: Sleeping          |     3 |     3 ||     6
Armor: Skin              |       |     3 ||     3
Dodge: Dodged            |    21 |   108 ||   129
